AoeStats
← roLynxLynx

Black Forest

506324310Analyzed
4v4 RM · 2mo ago on Sep 13, 2026· 115m 59s· 8 players
Game mode
Random Map
Map size
Large (8 player)
Population
200
Speed
Normal
Resources
Standard
Victory
Conquest
Starting age
Dark Age
Ending age
Imperial Age
RankedLock teamsTeams togetherTeam positionsShared explorationLock speedFull tech treeHidden civsTurbo modeCheats
Victory
Defeat
🇷🇴 Franks · Romania
682
+14
🇺🇸 Khmer · United States
659
+15
🇷🇴 Turks · Romania
575
+19
🇫🇷 Japanese · France
568
+19
vs
🇲🇽 Huns · Mexico
716
-19
🇲🇽 Malay · Mexico
701
-19
🇲🇽 Persians · Mexico
656
-18
🇺🇸 Chinese · United States
486
-11
DJ RaveN
0:43 Loom
12:52 Feudal Age
14:16 Double-Bit Axe
14:28 Horse Collar
14:38 Town Watch
16:38 Wheelbarrow
19:54 Stone Mining
19:56 Gold Mining
24:37 Castle Age
24:36 Padded Archer Armor
24:29 Fletching
26:38 Hand Cart
27:33 Thumb Ring
27:32 Heavy Plow
27:50 Bow Saw
31:15 Leather Archer Armor
43:34 Imperial Age
43:33 Gold Shaft Mining
42:57 Bodkin Arrow
43:48 Elite Janissary
44:31 Artillery
46:54 Town Patrol
47:54 Conscription
48:29 Ring Archer Armor
48:01 Bracer
49:12 Two-Man Saw
68:05 Hoardings
71:58 Masonry
71:30 Treadmill Crane
71:46 Murder Holes
72:02 Fortified Wall
72:10 Scale Barding Armor
72:06 Scale Mail Armor
72:17 Forging
75:44 Bloodlines
76:08 Chain Barding Armor
76:04 Chain Mail Armor
93:37 Husbandry
94:13 Architecture
94:05 Bombard Tower
98:39 Fortified Wall
102:02 Iron Casting
112:08 Plate Barding Armor
112:05 Plate Mail Armor
112:56 Blast Furnace
MoldyShelf59466
3:34 Loom
14:27 Feudal Age
16:06 Wheelbarrow
21:04 Horse Collar
26:11 Double-Bit Axe
28:56 Forging
31:19 Gold Mining
31:20 Stone Mining
35:50 Castle Age
34:19 Scale Barding Armor
37:00 Hand Cart
36:52 Caravan
38:03 Gold Shaft Mining
41:09 Heavy Plow
41:23 Bow Saw
42:42 Stone Shaft Mining
44:12 Tusk Swords
56:19 Imperial Age
58:29 Chain Barding Armor
63:21 Hoardings
68:58 Chemistry
68:07 Padded Archer Armor
67:59 Fletching
75:23 Elite Battle Elephant
79:52 Double Crossbow
80:22 Elite Ballista Elephant
Lizy Eye
16:45 Feudal Age
17:44 Horse Collar
20:04 Double-Bit Axe
28:44 Stone Mining
28:46 Gold Mining
31:08 Castle Age
29:26 Man-at-Arms
30:17 Scale Barding Armor
30:14 Padded Archer Armor
30:24 Scale Mail Armor
30:31 Scale Barding Armor
30:27 Padded Archer Armor
31:58 Heavy Plow
31:21 Long Swordsman
31:23 Pikeman
31:37 Light Cavalry
32:20 Husbandry
32:33 Bloodlines
34:08 Bow Saw
41:48 Chain Mail Armor
42:37 Caravan
48:21 Imperial Age
48:37 Imperial Age
50:37 Elite Samurai
61:09 Two-Man Saw
62:50 Two-Handed Swordsman
67:40 Elite Skirmisher
67:41 Crossbowman
roLynxLynx
1:05 Loom
12:09 Feudal Age
12:38 Double-Bit Axe
19:39 Castle Age
20:56 Forging
21:18 Bow Saw
23:42 Wheelbarrow
27:29 Gold Mining
30:50 Imperial Age
28:45 Hand Cart
30:10 Iron Casting
29:35 Scale Mail Armor
29:43 Scale Barding Armor
30:36 Gold Shaft Mining
30:08 Caravan
31:14 Scale Mail Armor
31:26 Masonry
31:17 Murder Holes
32:35 Chemistry
31:49 Masonry
32:00 Ballistics
32:34 Husbandry
33:36 Blast Furnace
32:57 Chain Barding Armor
33:25 Conscription
33:04 Cavalier
34:12 Stone Mining
34:41 Chain Mail Armor
34:29 Squires
34:14 Arson
33:51 Pikeman
35:04 Town Watch
36:35 Architecture
36:01 Murder Holes
36:22 Chivalry
39:41 Hoardings
38:58 Paladin
40:52 Town Patrol
41:01 Siege Engineers
40:51 Murder Holes
41:07 Fortified Wall
41:42 Plate Mail Armor
41:47 Plate Barding Armor
41:47 Plate Mail Armor
41:07 Fletching
41:17 Padded Archer Armor
43:38 Halberdier
45:59 Bodkin Arrow
46:05 Padded Archer Armor
tomoe
2:13 Loom
16:21 Feudal Age
20:28 Wheelbarrow
22:45 Horse Collar
22:55 Double-Bit Axe
27:10 Gold Mining
27:19 Stone Mining
30:48 Bloodlines
32:43 Castle Age
31:12 Forging
31:08 Scale Barding Armor
31:53 Padded Archer Armor
31:51 Fletching
32:01 Scale Mail Armor
32:50 Town Watch
34:29 Hand Cart
34:35 Husbandry
36:22 Chain Barding Armor
36:38 Iron Casting
37:10 Kamandaran
39:18 Ballistics
40:18 Crossbowman
41:04 Thumb Ring
46:55 Imperial Age
47:11 Heavy Plow
47:27 Bow Saw
46:46 Cavalier
48:30 Plate Barding Armor
48:56 Blast Furnace
48:12 Leather Archer Armor
48:29 Conscription
49:48 Masonry
50:37 Gold Shaft Mining
50:37 Stone Shaft Mining
50:44 Savar
karzmoy
0:37 Loom
16:33 Feudal Age
18:02 Double-Bit Axe
18:03 Horse Collar
23:54 Wheelbarrow
23:44 Town Watch
23:29 Man-at-Arms
23:55 Arson
24:24 Forging
26:53 Castle Age
24:59 Gold Mining
27:36 Scale Barding Armor
28:26 Hand Cart
27:35 Long Swordsman
28:16 Squires
28:54 Iron Casting
29:29 Husbandry
30:14 Heavy Plow
30:28 Bow Saw
33:22 Imperial Age
31:42 Treadmill Crane
45:50 Stone Mining
46:36 Gold Shaft Mining
46:35 Town Patrol
47:49 Forced Levy
48:27 Conscription
48:21 Two-Handed Swordsman
53:59 Blast Furnace
55:25 Chemistry
54:46 Ballistics
53:50 Capped Ram
58:32 Siege Engineers
Azteca Beleren
1:21 Loom
15:41 Feudal Age
17:00 Wheelbarrow
16:14 Double-Bit Axe
16:11 Horse Collar
18:55 Gold Mining
19:07 Stone Mining
25:39 Castle Age
23:49 Fletching
25:05 Forging
25:02 Scale Barding Armor
25:55 Bloodlines
26:38 Hand Cart
26:41 Bow Saw
26:58 Heavy Plow
27:50 Bodkin Arrow
30:17 Iron Casting
30:49 Marauders
31:40 Husbandry
32:33 Chain Barding Armor
42:50 Imperial Age
43:20 Elite Tarkan
45:04 Blast Furnace
44:40 Plate Barding Armor
47:21 Conscription
52:01 Pikeman
53:03 Scale Mail Armor
52:51 Halberdier
55:34 Chain Mail Armor
61:18 Squires
liuzi!
1:41 Loom
16:35 Feudal Age
18:00 Wheelbarrow
17:11 Town Watch
17:10 Horse Collar
17:20 Double-Bit Axe
17:29 Stone Mining
17:30 Gold Mining
23:52 Forging
23:43 Scale Mail Armor
23:44 Padded Archer Armor
23:36 Fletching
28:28 Castle Age
29:28 Hand Cart
29:14 Town Patrol
29:22 Heavy Plow
29:37 Bow Saw
30:07 Gold Shaft Mining
30:08 Stone Shaft Mining
30:11 Iron Casting
29:52 Chain Mail Armor
29:53 Leather Archer Armor
29:49 Bodkin Arrow
34:23 Ballistics
34:16 Masonry
36:06 Arson
36:22 Squires
35:42 Pikeman
40:25 Imperial Age
38:12 Guard Tower
43:25 Conscription
42:26 Elite Chu Ko Nu
46:19 Chemistry
45:56 Keep
45:52 Architecture
48:26 Two-Man Saw
47:10 Halberdier
49:33 Blast Furnace
49:05 Plate Mail Armor
49:07 Ring Archer Armor
49:10 Bracer
55:21 Bombard Tower
54:47 Arrowslits
59:28 Great Wall
Connection lost

Rejoining the realm…

Still unreachable

The connection could not be restored.

Session expired

The server has moved on; the page needs a fresh start.